 Dungeon Crawl Stone Soup version 0.25.0-65-g31bcc41 (webtiles) character file.

50099 Dorkslayer the Blocker (level 14, 0/88 HPs)
             Began as a Gargoyle Fighter on Nov 14, 2020.
             Was the Champion of Okawaru.
             Slain by a frost giant
             ... wielding a +0 battleaxe of freezing
              (3 damage)
             ... on level 2 of the Dungeon.
             The game lasted 00:11:43 (2714 turns).

Dorkslayer the Blocker (Gargoyle Fighter)           Turns: 2714, Time: 00:11:43

Health: 0/88       AC: 30    Str: 25    XL:     14   Next: 53%
Magic:  19/19      EV: 10    Int: 11    God:    Okawaru [******]
Gold:   262        SH: 14    Dex: 12    Spells: 13/13 levels left

rFire    + . .     SeeInvis .   B - +4 demon blade (vamp)
rCold    . . .     Gourm    .   c - +0 shield
rNeg     + . .     Faith    .   w - +1 chain mail {rF+}
rPois    ∞         Spirit   .   (no helmet)
rElec    +         Reflect  .   A - +0 cloak
rCorr    .         Harm     .   h - +2 pair of gloves {Str+3}
MR       +....                  (no boots)
Stlth    ..........             (no amulet)
HPRegen  0.24/turn              (no ring)
MPRegen  0.16/turn              (no ring)

@: no status effects
A: big wings, thin metallic scales 1, thin skeletal structure 1, negative energy
resistance 1, electricity resistance, unbreathing, petrification resistance, rot
immunity, AC +10
a: Fly, Heroism, Finesse, Renounce Religion


You were on level 2 of the Dungeon.
You worshipped Okawaru.
Okawaru was exalted by your worship.
You were not hungry.

You visited 2 branches of the dungeon, and saw 3 of its levels.

You collected 262 gold pieces.

Inventory:

Hand Weapons
 a - a +0 long sword
 e - the cursed +3 glaive "Orb Guardian's Death" {freeze, Dex+3, unknown}
   (You found it on level 2 of the Dungeon)

   It has been specially enchanted to freeze those struck by it, causing extra
   injury to most foes and up to half again as much damage against particularly
   susceptible opponents.
   It can also slow down cold-blooded creatures.
   It affects your dexterity (+3).
   It has a curse placed upon it.
 l - a +2 flail of holy wrath
 x - a +2 demon trident
 B - a +4 vampiric demon blade (weapon)
Missiles
 r - 19 tomahawks (quivered)
 y - 3 javelins
Armour
 c - a +0 shield (worn)
 h - a +2 pair of gloves of strength (worn)
 w - a +1 chain mail of fire resistance (worn)
 A - a +0 cloak (worn)
Scrolls
 m - a scroll of fear {unknown}
 n - 2 scrolls of enchant weapon {unknown}
 o - a scroll of fog {unknown}
 p - 3 scrolls of remove curse
 q - a scroll of immolation
 s - 3 scrolls of teleportation
 v - a scroll of noise {unknown}
Potions
 b - a potion of degeneration {unknown}
 g - 2 potions of brilliance
 i - a potion of resistance {unknown}
 j - 2 potions of mutation
 t - 2 potions of magic
 z - a potion of cancellation {unknown}
Comestibles
 d - 8 chunks of flesh
 f - 2 rations


   Skills:
 + Level 10.8 Fighting
 * Level 6.6 Long Blades
 - Level 12.6 Maces & Flails
 + Level 0.8 Throwing
 + Level 11.8 Armour
 + Level 3.1 Dodging
 + Level 1.1 Stealth
 + Level 13.7 Shields
 * Level 7.8 Invocations


You had 13 spell levels left.
You didn't know any spells.
Your spell library contained the following spells:

 Spells                   Type           Power        Failure   Level  Hunger
 Pain                     Necr           #...         88%         1    ##.....
 Swiftness                Chrm/Air       #.......     96%         2    ###....
 Static Discharge         Conj/Air       #.......     99%         3    ####...
 Borgnjor's Vile Clutch   Necr/Erth      #.........   100%        5    ######.
 Death Channel            Necr           #.........   100%        6    #######


Dungeon Overview and Level Annotations

Branches:
Dungeon (2/3)              Temple (1/1) D:1           Snake (0/1) D:2
    Orc (0/1) D:2          Vaults (0/1) D:2
  Swamp: D:2-3       Shoals: D:2-3        Slime: D:2-3

Altars:
Ashenzari
Cheibriados
Dithmenos
Fedhas
Gozag
Hepliaklqana
Okawaru
Qazlal
Ru
Sif Muna
Trog
Uskayaw
Wu Jian
Yredelemnul
Zin
The Shining One


Innate Abilities, Weirdness & Mutations

You are resistant to torment.
Your stone body is resilient. (AC +10)
You are immune to poison.
Your large and strong wings let you fly indefinitely.
You resist negative energy. (rN+)
You are resistant to electric shocks. (rElec)
You can survive without breathing.
You are immune to petrification.
You are immune to rotting.
You are partially covered in thin metallic scales. (AC +2)
You have a somewhat thin skeletal structure. (Dex +2, Stealth)


Message History

The frost giant hits you with a +0 battleaxe of freezing.
* * * LOW HITPOINT WARNING * * *
The frost giant freezes you.
* * * LOW HITPOINT WARNING * * *
You hit the frost giant.
You feel better.
The frost giant is severely wounded.
You slash the frost giant!
You feel better.
The frost giant is almost dead.
You block the frost giant's attack.
You slash the frost giant!
You feel better.
The frost giant is almost dead.
The frost giant hits you with a +0 battleaxe of freezing!!
* * * LOW HITPOINT WARNING * * *
The frost giant freezes you!
* * * LOW HITPOINT WARNING * * *
You feel better.
The frost giant hits you with a +0 battleaxe of freezing.
* * * LOW HITPOINT WARNING * * *
The frost giant freezes you.
You die...

#.........#..
#.........##.
#.........# #
#.....)...# # #
##.......## #.#######
#.(.......# #....!..#
#.........##
#.......###.........P##
#....C@................
#.....>.##............P
#.......#..#.........##
###.#.....###.......##
......... ..###....#
...........<. #)...#
§............. ..####
§§§%.......... .#### #
......... .....###


You could see a frost giant.

Vanquished Creatures
  A sphinx (D:2)
  A centaur warrior (D:1)
  A two-headed ogre (D:2)
  Urug (D:2)
  A hell knight (D:2)
  An ugly thing (D:2)
  A black mamba (D:2)
  2 centaur zombies (D:2)
  A gargoyle (D:2)
  A hornet (D:1)
  16 humans
  A yak (D:1)
  2 basilisks (D:2)
  A naga (shapeshifter) (D:1)
  5 water moccasins (D:2)
  2 sky beasts
  An eye of draining (D:2)
  A phantom (D:1)
  An ogre (D:2)
  4 centaurs (D:1)
  3 bullfrogs
  A wyvern skeleton (D:2)
  2 crimson imps
  2 hounds (D:1)
  An orc wizard (D:2)
  2 bullfrog skeletons (D:1)
  An iguana (D:1)
  A worker ant (D:2)
  5 adders (D:2)
  A gnoll (D:1)
  2 orcs
  A quokka (D:1)
  A ball python (D:1)
  A jackal zombie (D:1)
69 creatures vanquished.

Notes
Turn   | Place    | Note
-------+----------+-------------------------------------------
     0 | D:1      | Dorkslayer the Gargoyle Fighter began the quest for the
                  | Orb.
     0 | D:1      | Reached XP level 1. HP: 14/14 MP: 1/1
    55 | D:1      | Reached XP level 2. HP: 19/19 MP: 2/2
   117 | D:1      | Noticed a centaur
   124 | D:1      | Killed a centaur
   124 | D:1      | Reached skill level 5 in Fighting
   124 | D:1      | Reached skill level 5 in Armour
   124 | D:1      | Reached skill level 5 in Shields
   124 | D:1      | Reached XP level 3. HP: 11/26 MP: 3/3
   124 | D:1      | Reached XP level 4. HP: 13/31 MP: 4/4
   124 | D:1      | Reached XP level 5. HP: 15/35 MP: 5/5
   124 | D:1      | Reached XP level 6. HP: 17/40 MP: 6/6
   435 | D:1      | Noticed a sky beast
   435 | D:1      | Noticed a phantom
   447 | D:1      | Killed a sky beast
   447 | D:1      | Reached XP level 7. HP: 45/45 MP: 7/7
   447 | D:1      | Reached XP level 8. HP: 51/51 MP: 8/8
   449 | D:1      | Reached skill level 6 in Shields
   485 | D:1      | Found a deep blue altar of Sif Muna.
   492 | D:1      | Found a hazy altar of Hepliaklqana.
   508 | D:1      | Found a snail-covered altar of Cheibriados.
   520 | D:1      | Found a stormy altar of Qazlal.
   527 | D:1      | Found a hide-covered altar of Uskayaw.
   535 | D:1      | Found a sacrificial altar of Ru.
   547 | D:1      | Found a blossoming altar of Fedhas.
   583 | D:1      | Found a glowing silver altar of Zin.
   633 | D:1      | Found an opulent altar of Gozag.
   671 | D:1      | Found a staircase to the Ecumenical Temple.
   681 | Temple   | Entered the Ecumenical Temple
   687 | Temple   | Became a worshipper of Warmaster Okawaru
   750 | D:1      | Reached skill level 5 in Long Blades
   750 | D:1      | Reached skill level 7 in Shields
   750 | D:1      | Reached XP level 9. HP: 56/56 MP: 9/9
   786 | D:1      | Found a basalt altar of Yredelemnul.
   788 | D:1      | Found a glowing golden altar of the Shining One.
   848 | D:1      | Reached skill level 1 in Maces & Flails
   860 | D:1      | Reached * piety under Okawaru
   928 | D:1      | Reached skill level 8 in Shields
   932 | D:1      | Reached XP level 10. HP: 52/63 MP: 10/10
  1022 | D:1      | Reached ** piety under Okawaru
  1099 | D:1      | Found an ornate altar of the Wu Jian Council.
  1198 | D:1      | Found a bloodstained altar of Trog.
  1504 | D:1      | Reached skill level 5 in Maces & Flails
  1504 | D:1      | Reached skill level 1 in Dodging
  1504 | D:1      | Reached skill level 9 in Shields
  1716 | D:2      | Noticed a centaur warrior
  1725 | D:1      | Reached *** piety under Okawaru
  1734 | D:1      | Reached skill level 1 in Stealth
  1745 | D:1      | Noticed an orb spider
  1745 | D:1      | a raiju changed into an orb spider
  1747 | D:1      | an orb spider changed into a black bear
  1755 | D:1      | Reached **** piety under Okawaru
  1755 | D:1      | Reached XP level 11. HP: 44/69 MP: 11/11
  1877 | D:1      | Gained mutation: You are partially covered in thin metallic
                  | scales. (AC +2) [potion of mutation]
  1877 | D:1      | Gained mutation: You have a somewhat thin skeletal
                  | structure. (Dex +2, Stealth) [potion of mutation]
  1950 | D:2      | Noticed Urug
  1965 | D:1      | Killed a centaur warrior
  1965 | D:1      | Reached ***** piety under Okawaru
  1965 | D:1      | Reached skill level 10 in Armour
  1965 | D:1      | Reached skill level 10 in Shields
  1969 | D:1      | Reached XP level 12. HP: 60/76 MP: 12/12
  1991 | D:2      | Noticed a two-headed ogre
  2138 | D:1      | Received a gift from Okawaru
  2138 | D:1      | Reached skill level 11 in Shields
  2138 | D:1      | Reached skill level 1 in Invocations
  2200 | D:2      | Reached skill level 10 in Maces & Flails
  2217 | D:2      | Killed a two-headed ogre
  2225 | D:2      | Reached XP level 13. HP: 81/82 MP: 10/16
  2237 | D:2      | Killed Urug
  2237 | D:2      | Received a gift from Okawaru
  2237 | D:2      | Reached skill level 10 in Fighting
  2237 | D:2      | Reached skill level 12 in Shields
  2257 | D:2      | Reached skill level 5 in Invocations
  2298 | D:2      | Reached ****** piety under Okawaru
  2339 | D:2      | Identified Wietyum's Collected Works on Cloudy Sinister
                  | Rituals
  2366 | D:2      | Received a gift from Okawaru
  2387 | D:2      | Found a gate to the Vaults.
  2434 | D:2      | Got a transparent glaive
  2503 | D:2      | Found a staircase to the Snake Pit.
  2555 | D:2      | Reached skill level 13 in Shields
  2585 | D:2      | Gained mutation: Your large and strong wings let you fly
                  | indefinitely. [Gargoyle growth]
  2585 | D:2      | Reached XP level 14. HP: 69/88 MP: 18/18
  2609 | D:2      | Noticed a sphinx
  2640 | D:2      | Killed a sphinx
  2640 | D:2      | Received a gift from Okawaru
  2697 | D:2      | Found a staircase to the Orcish Mines.
  2697 | D:2      | Noticed a frost giant
  2713 | D:2      | HP: 3/88 [frost giant/+0 battleaxe of freezing (7)]
  2714 | D:2      | Slain by a frost giant

Skill      XL: |  1  2  3  4  5  6  7  8  9 10 11 12 13 14 |
---------------+-------------------------------------------+-----
Fighting       | 5 6 7 8 9 10 | 10.8
Long Blades    | 3 5 6 |  6.6
Armour         | 5 6 7 9 10 11 | 11.8
Shields        | 5 7 8 9 10 11 13 | 13.7
Maces & Flails | 3 6 9 10 12 | 12.6
Dodging        | 1 2 3 |  3.1
Stealth        | 1 |  1.1
Invocations    | 4 6 7 |  7.8
Throwing       | |  0.8

Action                   |  1- 3 |  4- 6 |  7- 9 | 10-12 | 13-15 || total
-------------------------+-------+-------+-------+-------+-------++-------
Melee: Long sword        |    12 |     6 |     6 |       |       ||    24
       Flail             |       |       |    50 |   201 |   180 ||   431
       Demon blade       |       |       |       |       |    33 ||    33
Throw: Tomahawk          |       |       |       |     2 |       ||     2
Invok: Heroism           |       |       |       |     4 |       ||     4
       Finesse           |       |       |       |     2 |     1 ||     3
  Use: Potion            |       |     1 |     1 |     2 |     6 ||    10
       Scroll            |       |       |       |     8 |     1 ||     9
  Eat: Chunk             |       |       |       |     1 |     2 ||     3
       Ration            |       |       |       |     1 |     3 ||     4
Armor: Chain mail        |     3 |     3 |    28 |   130 |    79 ||   243
Dodge: Dodged            |     5 |       |    15 |    67 |    41 ||   128
Block: Shield            |     4 |     4 |    43 |   143 |   116 ||   310
       Rpst.: Long sword |     2 |       |     1 |       |       ||     3
